 Dungeon Crawl Stone Soup version 0.28-a0-983-g1de4e0787c (webtiles) character file.

Game seed: 10816004921101619146

63 Anon1729 the Poker (level 4, -3/37 HPs)
             Began as a Merfolk Monk on Dec 2, 2021.
             Was a Priest of Dithmenos.
             Slain by Terence (9 damage)
             ... on level 2 of the Dungeon.
             The game lasted 00:01:53 (1842 turns).

Anon1729 the Poker (Merfolk Monk)                   Turns: 1842, Time: 00:01:54

Health: -3/37      AC:  2    Str: 11    XL:     4   Next: 9%
Magic:  4/4        EV: 14    Int:  9    God:    Dithmenos [***...]
Gold:   44         SH:  0    Dex: 18    Spells: 3/3 levels left

rFire   . . .      SeeInvis .   a - +0 spear
rCold   . . .      Faith    .   (no shield)
rNeg    . . .      Spirit   .   b - +0 robe
rPois   .          Reflect  .   (no helmet)
rElec   .          Harm     .   (no cloak)
rCorr   .          Rampage  .   (no gloves)
Will    .....                   (no boots)
Stlth   +++.......              (no amulet)
HPRegen 0.12/turn               (no ring)
MPRegen 0.09/turn               (no ring)

@: wreathed by umbra
A: (nimble swimmer 2), mertail
a: Renounce Religion, Shadow Step


You were on level 2 of the Dungeon.
You worshipped Dithmenos.
Dithmenos was most pleased with you.
You visited 1 branch of the dungeon, and saw 2 of its levels.

You collected 44 gold pieces.

Inventory:

Hand Weapons
 a - a +0 spear (weapon)
Missiles
 c - 12 poisoned darts (quivered)
Armour
 b - a +0 robe (worn)
Scrolls
 e - a scroll of vulnerability {unknown}
 g - a scroll of fog {unknown}
 i - a scroll of identify {unknown}
Potions
 d - a potion of lignification {unknown}
 f - 2 potions of curing {unknown}
 h - a potion of heal wounds {unknown}


   Skills:
 + Level 3.7 Fighting
 * Level 5.4 Polearms
 + Level 4.5 Dodging
 + Level 3.0 Stealth
 + Level 0.6 Invocations


You had 3 spell levels left.
You didn't know any spells.
Your spell library was empty.

Dungeon Overview and Level Annotations

Branches:
Dungeon (2/15)

Altars:
Dithmenos

Annotations:
D:2 Terence


Innate Abilities, Weirdness & Mutations

((You are quick and stealthy near water. (Stealth+, EV+, Speed+++)))
Your lower body shifts to a powerful aquatic tail in water.


Message History

Terence barely misses you.
You hit Terence but do no damage.
Terence is heavily wounded.
Terence hits you with a +0 hand axe.
You hit Terence but do no damage.
Terence is heavily wounded.
Terence closely misses you.
You hit Terence but do no damage.
Terence is heavily wounded.
You hit Terence but do no damage.
Terence is heavily wounded.
Terence barely misses you.
You closely miss Terence.
Terence is heavily wounded.
Terence barely misses you.
You hit Terence but do no damage.
Terence is heavily wounded.
Terence barely misses you.
You hit Terence but do no damage.
Terence is heavily wounded.
Terence misses you.
You hit Terence.
Terence is severely wounded.
Terence misses you.
You hit Terence.
Terence is almost dead.
You barely miss Terence.
Terence is almost dead.
Terence hits you with a +0 hand axe.
You hit Terence but do no damage.
Terence is almost dead.
Terence hits you with a +0 hand axe!
* * * LOW HITPOINT WARNING * * *
You hit Terence.
Terence is almost dead.
Terence closely misses you.
You barely miss Terence.
Terence is almost dead.
Terence hits you with a +0 hand axe!
You die...

###.##.# #....).........
#PP..#.# #..............
#..P...# #..............
#......# #.......#......
#.....####.......#.###.#
##.##........#####.# #.#
#.........##### #.# #..
#....##.###...... ..#
### ####. #.@@g#### . #
#....##.# # ####.. ...
.. ##. #.... #.# .#
...... #.. .. ...... ##.
.. ..... .. ###..


You could see Terence and a goblin.

Vanquished Creatures
  A hound skeleton (D:2)
  An adder (D:2)
  A worm (D:2)
  5 ball pythons
  A bat skeleton (D:2)
  3 endoplasms
  2 giant cockroaches
  5 goblins
  A hobgoblin (D:2)
  2 jackals (D:2)
  3 quokkas
  A ball python skeleton (D:2)
  2 frilled lizards (D:1)
  4 kobolds
  4 rats (D:1)
36 creatures vanquished.

Vanquished Creatures (others)
  5 withered plants (D:2)
5 creatures vanquished.

Grand Total: 41 creatures vanquished

Notes
Turn   | Place    | Note
-------+----------+-------------------------------------------
     0 | D:1      | Anon1729 the Merfolk Monk began the quest for the Orb.
     0 | D:1      | Reached XP level 1. HP: 18/18 MP: 1/1
    75 | D:1      | Reached XP level 2. HP: 21/24 MP: 2/2
   826 | D:1      | Found a faded altar of an unknown god.
   945 | D:1      | Prayed at the altar of an unknown god.
   945 | D:1      | Became a worshipper of Dithmenos the Shadowed
   945 | D:1      | Reached * piety under Dithmenos
   945 | D:1      | Reached ** piety under Dithmenos
  1069 | D:2      | Reached skill level 5 in Polearms
  1069 | D:2      | Reached XP level 3. HP: 29/29 MP: 3/3
  1129 | D:2      | Reached *** piety under Dithmenos
  1701 | D:2      | Reached XP level 4. HP: 30/37 MP: 4/4
  1810 | D:2      | Noticed Terence
  1842 | D:2      | Slain by Terence

Illustrated notes

Levels and vault maps discovered:
D:1:      psy_arrival_terrarium, layout_basic,
          shapermc_ecumenical_altar_mp_urbaneastern
D:2:      layout_rooms, serial_undead, serial_undead_b, serial_undead_b,
          serial_undead_f, serial_undead_d, uniq_sigmund, uniq_terence

Skill      XL: |  1  2  3 |
---------------+----------+-----
Polearms       | 5 |  5.4
Stealth        | 3 |  3.0
Fighting       | |  3.7
Dodging        | |  4.5
Invocations    | |  0.6

Action                   |  1- 3 |  4- 6 || total
-------------------------+-------+-------++-------
Melee: Spear             |   136 |    36 ||   172
 Stab: Sleeping          |     4 |     1 ||     5
Armor: Robe              |     7 |       ||     7
Dodge: Dodged            |    76 |    19 ||    95

Table legend: (Time is in decaauts)
 A = Elapsed time spent in this place.
 B = Non-inter-level travel time spent in this place.
 C = Inter-level travel time spent in this place.
 D = Time resting spent in this place.
 E = Time spent auto-exploring this place.
 F = Levels seen in this place.
 G = Mean time per level.
                   A        B        C        D        E       F      G
               +--------+--------+--------+--------+--------+-----+--------+
         Total |   1816 |   1780 |     36 |    487 |   1004 |   2 |  908.0 |
       Dungeon |   1816 |   1780 |     36 |    487 |   1004 |   2 |  908.0 |
               +--------+--------+--------+--------+--------+-----+--------+

Top non-repeatable levels by time:
     D:1: 1286 daAuts
     D:2: 530 daAuts
